 Dungeon Crawl Stone Soup version 0.29-a0-1009-g60c99734e7 (webtiles) character file.

Game seed: 9833943791299081866

18 flotson the Sneak (level 2, 0/36 HPs)
             Began as a Demonspawn Delver on Aug 8, 2022.
             Succumbed to a kobold's poison
             ... on level 1 of the Dungeon.
             The game lasted 00:01:55 (1066 turns).

flotson the Sneak (Demonspawn Delver)               Turns: 1066, Time: 00:01:56

Health: 0/36       AC: 21    Str: 12    XL:     2   Next: 51%
Magic:  2/2        EV:  2    Int: 11    God:
Gold:   106        SH:  0    Dex: 14    Spells: 1/1 levels left

rFire   + . .      SeeInvis .   e - +1 hand axe (vorpal)
rCold   + . .      Faith    .   (no shield)
rNeg    . . .      Spirit   .   (body armour currently unavailable)
rPois   +          Reflect  .   (helmet currently unavailable)
rElec   +          Harm     .   (cloak currently unavailable)
rCorr   +          Rampage  .   (gloves currently unavailable)
Will    .....      NoTele   +   (boots currently unavailable)
Stlth   +++.......              (no amulet)
HPRegen 0.12/turn               (no ring)
MPRegen 0.16/turn               (no ring)

@: lethally poisoned (0 -> -3), tree-form, resistant
A: stationary, stasis, torment immunity, boosted hp, magic regeneration
a: no special abilities


You were on level 1 of the Dungeon.
You were a tree.
You visited 1 branch of the dungeon, and saw 5 of its levels.

You collected 106 gold pieces.

Inventory:

Hand Weapons
 a - a +0 spear
 e - a +1 vorpal hand axe (weapon)
Missiles
 d - 3 javelins
 k - 2 throwing nets (quivered)
 l - 3 boomerangs of dispersal
Armour
 b - a +0 leather armour (melded)
 i - a +0 pair of gloves (melded)
Wands
 g - a wand of digging (3)
Scrolls
 c - a scroll of fog
 h - a scroll of identify
 n - a scroll of vulnerability
Potions
 f - a potion of haste
 j - a potion of lignification


   Skills:
 + Level 3.2 Fighting
 + Level 0.0(1.0) Axes
 - Level 1.7 Polearms
 + Level 0.4 Throwing
 + Level 0.7 Armour
 + Level 2.0 Dodging
 - Level 4.5 Stealth
 + Level 0.8 Evocations


You had one spell level left.
You didn't know any spells.
Your spell library was empty.

Dungeon Overview and Level Annotations

Branches:
Dungeon (5/15)
 Temple: D:4-7

Altars:

Annotations:
D:3 Jessica
D:5 Grinder


Innate Abilities, Weirdness & Mutations

You are a tree.
Your roots penetrate the ground, keeping you stationary.
You cannot be teleported.
You are immune to unholy pain and torment.
Your maximum health is greatly increased.
Your equipment is partially melded.
You regenerate magic rapidly.


Message History

The kobold hits you with a +1 short sword of venom.
You are lethally poisoned!
You slash the kobold!
You kill the kobold!
You feel very sick.
You are too injured to fight recklessly!
You are too injured to fight recklessly!
You are too injured to fight recklessly!
You are too injured to fight recklessly!
You are too injured to fight recklessly!
* * * LOW HITPOINT WARNING * * *
You feel very sick.
Things that are here:
a +1 short sword of venom; a stone It was a potion of lignification.
You turn into a tree.
Your +0 pair of gloves melds into your body.
Your +0 leather armour melds into your body.
Your roots penetrate the ground.
* * * LOW HITPOINT WARNING * * *
You feel sick.
There is a lethal amount of poison in your body!
It was a potion of resistance.
You feel protected.
* * * LOW HITPOINT WARNING * * *
You feel sick.
There is a lethal amount of poison in your body!
* * * LOW HITPOINT WARNING * * *
You feel sick.
* * * LOW HITPOINT WARNING * * *
You feel sick.
* * * LOW HITPOINT WARNING * * *
You feel sick.
* * * LOW HITPOINT WARNING * * *
You feel sick.
Really quaff the potion of lignification?
You are stuck in your current form!
As you read the scroll labelled XAEDGHE ANWODUCK, it crumbles to dust.
It is a scroll of identify.
n - a scroll of vulnerability You die...

#........#
####+#'######
#......###
######.#.. #.#.#
#.#.# ## #.#.#
.. #.#.# .#
#####.#.#♣#...#
#...........#
#.###.#.##.?....
#.#.# ..#### .
#.# ..# .# #.#
..# #. #.# .## #
#.# .# #.#


There were no monsters in sight!

Vanquished Creatures
  4 orcs
  2 ball pythons
  A goblin (D:1)
  A hobgoblin (D:1)
  A kobold (D:1)
  A quokka (D:5)
  2 frilled lizards (D:1)
  A rat (D:2)
13 creatures vanquished.

Notes
Turn   | Place    | Note
-------+----------+-------------------------------------------
     0 | D:5      | flotson the Demonspawn Delver began the quest for the Orb.
     0 | D:5      | Reached XP level 1. HP: 18/18 MP: 1/1
   429 | D:5      | Noticed Grinder
   735 | D:3      | Noticed Jessica
   863 | D:2      | Gained mutation: You regenerate magic rapidly. [demonic
                  | ancestry]
   863 | D:2      | Reached XP level 2. HP: 22/24 MP: 2/2
  1065 | D:1      | HP: 1/36 [poisoned by a kobold]
  1066 | D:1      | Succumbed to a kobold's poison

Illustrated notes

Levels and vault maps discovered:
D:1:      mrwooster_arrival_statue_2, layout_basic, serial_shops, shop_statue
D:2:      layout_basic, hellmonk_ecumenical_altar_inner_sanctum
D:3:      layout_basic, ebering_ghost_sewer_d, minmay_misc_feat_five,
          uniq_jessica
D:4:      layout_loops_ring, overflow_temple_1_default, guppyfry_shop_venom
D:5:      wander_guarded_unrand_ratskin, layout_basic,
          nicolae_overflow_hidden_temple, roderic_roman_lattice, uniq_grinder

Skill      XL: |  1  2 |
---------------+-------+-----
Dodging        | 2 |  2.0
Fighting       | |  3.2
Polearms       | |  1.7
Throwing       | |  0.4
Armour         | |  0.7
Stealth        | |  4.5
Evocations     | |  0.8

Action                   || total
-------------------------++-------
Melee: Spear             ||    32
       Hand axe          ||     9
  Use: Scroll            ||     3
       Potion            ||     2
 Stab: Sleeping          ||     2
Armor: Leather armour    ||     4
Dodge: Dodged            ||    17

Table legend: (Time is in decaauts)
 A = Elapsed time spent in this place.
 B = Non-inter-level travel time spent in this place.
 C = Inter-level travel time spent in this place.
 D = Time resting spent in this place.
 E = Time spent auto-exploring this place.
 F = Levels seen in this place.
 G = Mean time per level.
                   A        B        C        D        E       F      G
               +--------+--------+--------+--------+--------+-----+--------+
         Total |   1067 |   1067 |      0 |    209 |    649 |   5 |  213.4 |
       Dungeon |   1067 |   1067 |      0 |    209 |    649 |   5 |  213.4 |
               +--------+--------+--------+--------+--------+-----+--------+

Top non-repeatable levels by time:
     D:5: 451 daAuts
     D:4: 253 daAuts
     D:1: 165 daAuts
     D:2: 161 daAuts
     D:3: 35 daAuts
